 Dungeon Crawl Stone Soup version 0.28-a0-503-g83f2989fac (webtiles) character file.

Game seed: 5367685036540728996

859 lunkers the Magician (level 8, 0/61 HPs)
             Began as a Djinni Cinder Acolyte on Sept 20, 2021.
             Was a High Priest of Ignis.
             Slain by a centaur zombie (1 damage)
             ... on level 5 of the Dungeon.
             The game lasted 00:05:31 (4879 turns).

lunkers the Magician (Djinni Cinder Acolyte)        Turns: 4879, Time: 00:05:31

Health: 0/61       AC:  2    Str: 13    XL:     8   Next: 22%
Gold:   102        EV: 11    Int: 18    God:    Ignis [*****.] SH:  0 Dex:  9

rFire   + + +      SeeInvis .   a - -1 short sword (flame)
rCold   x . .      Faith    .   (no shield)
rNeg    . . .      Spirit   .   b - +0 robe
rPois   ∞          Reflect  .   (no helmet)
rElec   .          Harm     .   (no cloak)
rCorr   .          Rampage  .   (no gloves)
Will    .....                   (boots unavailable)
Stlth   +.........              (no amulet)
HPRegen 0.20/turn               (no ring)
MPRegen 0.00/turn               (no ring)

@: flying
A: sickness immunity, fire resistance 2, cold vulnerability 1, float, innate
caster, hp casting, extra vitality 1
a: Renounce Religion, Sea of Fire, Foxfire Swarm, Rising Flame


You were on level 5 of the Dungeon.
You worshipped Ignis.
Ignis was extremely pleased with you.
You visited 1 branch of the dungeon, and saw 5 of its levels.

You collected 102 gold pieces.

Inventory:

Hand Weapons
 a - a -1 short sword of flaming (weapon)
 k - a +5 antimagic scythe
Armour
 b - a +0 robe (worn)
Wands
 l - a wand of flame (19)
 n - a wand of acid (7)
Scrolls
 c - a scroll of fog {unknown}
 d - 2 scrolls of blinking {unknown}
 e - 2 scrolls of amnesia {unknown}
 g - 2 scrolls of enchant armour {unknown}
 j - a scroll of identify {unknown}
Potions
 h - a potion of attraction {unknown}
 i - 3 potions of curing {unknown}
 m - a potion of lignification {unknown}
 o - a potion of might {unknown}


   Skills:
 + Level 5.8 Fighting
 - Level 2.6 Short Blades
 * Level 6.0 Spellcasting


You had 11 spell levels left.
You knew the following spells:

 Your Spells              Type           Power      Damage    Failure   Level
a - Magic Dart            Conj           100%       1d8       1%          1
b - Scorch                Fire           54%        2d7       1%          2
c - Call Imp              Summ           27%        N/A       1%          2
d - Swiftness             Air            27%        N/A       3%          3
Your spell library was empty.

Dungeon Overview and Level Annotations

Branches:
Dungeon (5/15)             Temple (0/1) D:4

Altars:

Annotations:
D:4 2 transporters, RandomusNamus's ghost, amateur DjFE


Innate Abilities, Weirdness & Mutations

You are immune to sickness and miasma.
You are immune to poison.
Your flesh is very heat resistant. (rF++)
You are vulnerable to cold. (rC-)
You float through the air rather than walking.
You learn spells naturally, not from books.
Your magical power is your life essence.
You have superior vitality. (+4 HP)


Message History

Casting: Scorch (safe; 1% risk of failure)
Press: ? - help, Q - select action, (/) - cycle Dir - look around, f - activate Flames lash the centaur zombie.
The centaur zombie is burned terribly!
The centaur zombie is heavily damaged.
* * * LOW HITPOINT WARNING * * *
The centaur zombie hits you.
* * * LOW HITPOINT WARNING * * *
The centaur zombie barely misses you.
Casting: Scorch (safe; 1% risk of failure)
Press: ? - help, Q - select action, (/) - cycle Dir - look around, f - activate Flames lash the gnoll.
The gnoll is lightly wounded.
The gnoll's fire resistance burns away.
* * * LOW HITPOINT WARNING * * *
The centaur zombie hits you.
* * * LOW HITPOINT WARNING * * *
The centaur zombie kicks you but does no damage.
The centaur zombie hits you but does no damage.
The centaur zombie kicks you but does no damage.
Casting: Scorch (safe; 1% risk of failure)
Press: ? - help, Q - select action, (/) - cycle Dir - look around, f - activate Flames lash the gnoll.
The gnoll is burned terribly!
You kill the gnoll!
* * * LOW HITPOINT WARNING * * *
The centaur zombie barely misses you. x2
Unknown command.
Casting: Scorch (safe; 1% risk of failure)
Press: ? - help, Q - select action, (/) - cycle Dir - look around, f - activate Flames lash the centaur zombie.
The centaur zombie is burned terribly!
The centaur zombie is almost destroyed.
* * * LOW HITPOINT WARNING * * *
The centaur zombie is no longer more vulnerable to fire.
The centaur zombie hits you.
* * * LOW HITPOINT WARNING * * *
The centaur zombie barely misses you.
Unknown command.
Okay, then.
The centaur zombie hits you but does no damage.
The centaur zombie kicks you.
You die...

<# ## ### .# #.# #.## ###
.###.# ##.# ####.# ##<..#
#.####....# ....##
##........# .......##
#..####..#
..........####.## #..#
.........>......####..#
.....######.....@Z.)).##
##.. .....#
###...#####..###.....
.....# #.### ##.......#
.....# ##.# #..######
.....## ###..# #.##
###...####...## ##g## #
#...........## ####g..##
#............# #.#.....####
#...##..###...###.........#


You could see a centaur zombie.

Vanquished Creatures
  Sigmund (D:3)
  A water moccasin (D:3)
  An ice beast (D:4)
  A sky beast (D:5)
  A phantom (D:4)
  A wyvern skeleton (D:5)
  A jelly (D:4)
  An orc priest (D:3)
  Ijyb (D:3)
  Terence (D:3)
  An iguana (D:4)
  4 gnolls (D:5)
  3 adders
  3 dart slugs
  8 orcs (D:3)
  5 bats
  7 endoplasms
  4 giant cockroaches
  2 goblins
  7 hobgoblins
  4 jackals (D:3)
  4 quokkas
  5 ball pythons
  3 frilled lizards
  9 kobolds
  5 rats (D:1)
84 creatures vanquished.

Notes
Turn   | Place    | Note
-------+----------+-------------------------------------------
     0 | D:1      | lunkers the Djinni Cinder Acolyte began the quest for the
                  | Orb.
     0 | D:1      | Reached XP level 1. HP: 20/20 MP: 0/0
   277 | D:1      | Reached XP level 2. HP: 23/25 MP: 0/0
   681 | D:1      | Reached XP level 3. HP: 19/30 MP: 0/0
   681 | D:1      | Learned a level 1 spell: Magic Dart
   992 | D:1      | Reached skill level 3 in Spellcasting
  1297 | D:2      | Found a faded altar of an unknown god.
  1907 | D:2      | Reached XP level 4. HP: 28/35 MP: 0/0
  2932 | D:3      | Noticed Sigmund
  2938 | D:3      | Killed Sigmund
  2939 | D:3      | Reached skill level 4 in Spellcasting
  2939 | D:3      | Reached XP level 5. HP: 11/42 MP: 0/0
  2939 | D:3      | Learned a level 2 spell: Call Imp
  2939 | D:3      | Reached XP level 6. HP: 12/48 MP: 0/0
  3273 | D:3      | Noticed Ijyb
  3278 | D:3      | Killed Ijyb
  3293 | D:3      | Noticed a water moccasin
  3298 | D:3      | Killed a water moccasin
  3299 | D:3      | Reached XP level 7. HP: 29/53 MP: 0/0
  3299 | D:3      | Learned a level 3 spell: Swiftness
  3531 | D:3      | Noticed Terence
  3535 | D:3      | Killed Terence
  3536 | D:3      | Reached skill level 5 in Fighting
  3536 | D:3      | Reached skill level 5 in Spellcasting
  3964 | D:4      | Noticed a wyvern
  3973 | D:4      | Noticed RandomusNamus's ghost (amateur DjFE)
  3976 | D:4      | Found a transporter.
  4199 | D:4      | Found a transporter.
  4326 | D:4      | Found a staircase to the Ecumenical Temple.
  4578 | D:5      | Entered Level 5 of the Dungeon
  4622 | D:5      | Reached XP level 8. HP: 52/61 MP: 0/0
  4875 | D:5      | Reached skill level 6 in Spellcasting
  4878 | D:5      | HP: 1/61 [centaur zombie (4)]
  4879 | D:5      | Slain by a centaur zombie

Illustrated notes

Levels and vault maps discovered:
D:1:      wheals_arrival_linesprint, layout_basic, minmay_strange_pillars,
          st_stairs_1
D:2:      layout_loops_ring, hellmonk_ecumenical_altar_heavens_door,
          minmay_misc_feat_enclosed
D:3:      layout_basic, uniq_ijyb, uniq_sigmund, uniq_terence
D:4:      layout_rooms, temple_fountains, gammafunk_ghost_arena
D:5:      layout_layer_cave, mainiacjoe_overflow_catwalk,
          kb_lookout_dungeons_type, uniq_menkaure

Skill      XL: |  1  2  3  4  5  6  7  8 |
---------------+-------------------------+-----
Spellcasting   | 3 4 5 6 |  6.0
Fighting       | 4 5 |  5.8
Short Blades   | |  2.6

Action                   |  1- 3 |  4- 6 |  7- 9 || total
-------------------------+-------+-------+-------++-------
Melee: Short sword       |    35 |       |       ||    35
 Cast: Scorch            |    31 |    34 |    45 ||   110
       Magic Dart        |       |       |    15 ||    15
Evoke: Wand              |       |     2 |     2 ||     4
  Use: Scroll            |       |       |     1 ||     1
Armor: Robe              |     7 |     1 |     7 ||    15
Dodge: Dodged            |    23 |     7 |    29 ||    59

Table legend: (Time is in decaauts)
 A = Elapsed time spent in this place.
 B = Non-inter-level travel time spent in this place.
 C = Inter-level travel time spent in this place.
 D = Time resting spent in this place.
 E = Time spent auto-exploring this place.
 F = Levels seen in this place.
 G = Mean time per level.
                   A        B        C        D        E       F      G
               +--------+--------+--------+--------+--------+-----+--------+
         Total |   4877 |   4739 |    138 |    350 |   3925 |   5 |  975.4 |
       Dungeon |   4877 |   4739 |    138 |    350 |   3925 |   5 |  975.4 |
               +--------+--------+--------+--------+--------+-----+--------+

Top non-repeatable levels by time:
     D:1: 1286 daAuts
     D:2: 1281 daAuts
     D:3: 1264 daAuts
     D:4: 744 daAuts
     D:5: 300 daAuts
